 Dungeon Crawl Stone Soup version 0.27.1-35-g4d5d836560 (console) character file.

Game seed: 5431396226349609977

528 grimtooth the Tainter (level 7, -2/46 HPs)
             Began as a Formicid Venom Mage on Dec 20, 2022.
             Slain by an orc warrior (21 damage)
             ... on level 8 of the Dungeon.
             The game lasted 00:31:12 (5873 turns).

grimtooth the Tainter (Formicid Venom Mage)         Turns: 5873, Time: 00:31:12

Health: -2/46      AC:  4    Str: 13    XL:     7   Next: 48%
Magic:  4/10       EV: 12    Int: 16    God:
Gold:   218        SH:  0    Dex: 11    Spells: 2/10 levels left

rFire    . . .     SeeInvis +   y - +3 mace
rCold    . . .     Faith    .   (no shield)
rNeg     . . .     Spirit   .   a - +0 robe
rPois    .         Reflect  .   (helmet unavailable)
rElec    .         Harm     .   o - +0 cloak
rCorr    .         Rampage  .   x - +0 pair of gloves
Will     .....                  (no boots)
Stlth    +++.......             (no amulet)
HPRegen  0.15/turn              (no ring)
MPRegen  0.12/turn              (no ring)

@: no status effects
A: permanent stasis, dig shafts and tunnels, antennae 3, four strong arms
a: Dig, Shaft Self


You were on level 8 of the Dungeon.
You visited 1 branch of the dungeon, and saw 6 of its levels.

You collected 218 gold pieces.

Inventory:

Hand Weapons
 w - a +0 dagger
 y - a +3 mace (weapon)
Missiles
 b - 47 stones
 l - a throwing net {=f}
 r - 6 poisoned darts (quivered)
Armour
 a - a +0 robe (worn)
 o - a +0 cloak (worn)
 x - a +0 pair of gloves (worn)
Wands
 e - a wand of charming (8)
Scrolls
 c - a scroll of blinking {unknown}
 f - 2 scrolls of fear {unknown}
 g - 2 scrolls of enchant armour {unknown}
 i - 2 scrolls of fog {unknown}
 n - 2 scrolls of vulnerability
 p - a scroll of acquirement {unknown}
 q - a scroll of immolation {unknown}
 z - a scroll of noise {unknown}
Potions
 d - a potion of magic {unknown}
 h - 2 potions of ambrosia
 j - 2 potions of degeneration {unknown}
 k - a potion of curing
 m - a potion of flight {unknown}
 s - 2 potions of mutation
 t - a potion of lignification {unknown}
 u - a potion of haste
 v - a potion of might


   Skills:
 - Level 1.7 Dodging
 + Level 6.0 Stealth
 - Level 2.1 Spellcasting
 - Level 1.1 Transmutations
 * Level 9.0 Poison Magic


You had 2 spell levels left.
You knew the following spells:

 Your Spells              Type           Power      Damage    Failure   Level
a - Sting                 Tmut/Pois      68%        1d6       2%          1
c - Mephitic Cloud        Conj/Pois/Air  11%        N/A       19%         3
t - Olgreb's Toxic Radia  Pois           30%        N/A       4%          4

Your spell library contained the following spells:

 Spells                   Type           Power      Damage    Failure   Level
 Poisonous Vapours        Pois/Air       32%        N/A       4%          2
 Animate Skeleton         Necr           2%         N/A       21%         1
 Apportation              Tloc           2%         N/A       21%         1
 Corona                   Hex            1%         N/A       21%         1
 Summon Small Mammal      Summ           4%         N/A       21%         1
 Static Discharge         Conj/Air       1%         N/A       30%         2
 Ozocubu's Armour         Ice            1%         N/A       52%         3
 Lightning Bolt           Conj/Air       0%         1d11      99%         5
 Ozocubu's Refrigeration  Ice            0%         4d5       100%        7
 Maxwell's Capacitive Co  Air            0%         ∞         100%        8


Dungeon Overview and Level Annotations

Branches:
Dungeon (8/15)
 Temple: D:4-7         Lair: D:8-11

Altars:
Elyvilon
Kikubaaqudgha
Sif Muna
Uskayaw
Yredelemnul

Shops:
D:4 [

Annotations:
D:3 2 transporters, Menkaure, Sigmund
D:4 exclusion: skeleton
D:6 Edmund, Grinder


Innate Abilities, Weirdness & Mutations

You cannot be hasted, slowed, berserked, paralysed or teleported.
You can dig through walls and to a lower floor.
You have a pair of large antennae on your head. (SInv)
Your four strong arms can wield two-handed weapons with a shield.


Message History

Press: ? - help, Shift-Dir - straight line You miscast Sting.
You are very lightly contaminated with residual magic.
Nothing appears to happen.
The orc warrior is engulfed in noxious fumes.
The orc warrior appears confused.
The orc warrior hits you with a +0 scimitar.
Casting: Sting (safe; 2% risk of failure)
Confirm with . or Enter, or press ? or * to list all spells.
Aiming: Sting (safe; 2% risk of failure)
Press: ? - help, Shift-Dir - straight line The sting hits the orc warrior but does no damage.
The orc warrior is poisoned.
The orc warrior is lightly wounded.
You barely miss the orc warrior.
The orc warrior is lightly wounded.
The orc warrior hits you with a +0 scimitar!!
Ouch! That really hurt!
Casting: Sting (safe; 2% risk of failure)
Confirm with . or Enter, or press ? or * to list all spells.
Aiming: Sting (safe; 2% risk of failure)
Press: ? - help, Shift-Dir - straight line, f - orc warrior
Aim: an orc warrior, wielding a +0 scimitar, wearing a +0 plate armour and carrying a wand of charming (4) (lightly wounded, confused, poisoned, 91% to hit)
The sting hits the orc warrior but does no damage.
The orc warrior looks even sicker.
The orc warrior is lightly wounded.
Casting: Sting (safe; 2% risk of failure)
Confirm with . or Enter, or press ? or * to list all spells.
Aiming: Sting (safe; 2% risk of failure)
Press: ? - help, Shift-Dir - straight line, f/p - orc warrior
Aim: an orc warrior, wielding a +0 scimitar, wearing a +0 plate armour and carrying a wand of charming (4) (lightly wounded, confused, very poisoned, 91% to hit)
The sting hits the orc warrior but does no damage.
The orc warrior looks even sicker.
The orc warrior is lightly wounded.
Your magical contamination has completely faded away.
You hit the orc warrior but do no damage.
The orc warrior is moderately wounded.
The orc warrior hits you with a +0 scimitar.
The orc warrior hits you with a +0 scimitar!!
You die...

#....... { ##......
##..... { ###... ##.. ..
####### ###. #..#.#.#.##
###..# #..#.#.#.##
###....# .##.######.##
###......# ...#.# ##o##
###........# ....{{#
##@#####......##..#
.....{.##
##.##.......###..# ...
#..# ###.......####..##
o.......#.####.......###
##.... .....
#..#........## ##.....
....
##....).....#####......
###
############....######
######


You could see an orc warrior (confused, very poisoned).

Vanquished Creatures
  An orc warrior (D:4)
  A centaur zombie (D:8)
  3 orc priests
  4 orc wizards
  2 iguanas
  4 adders
  A white imp (D:6)
  An ufetubus (D:4)
  3 worms
  13 orcs
  5 ball pythons
  12 endoplasms
  3 giant cockroaches
  6 goblins
  8 hobgoblins
  12 jackals
  3 quokkas
  3 bats
  A frilled lizard (D:1)
  10 kobolds
  4 rats
100 creatures vanquished.

Vanquished Creatures (others)
  53 fungi (D:8)
  53 plants (D:8)
  6 toadstools (D:8)
112 creatures vanquished.

Grand Total: 212 creatures vanquished

Notes
Turn   | Place    | Note
-------+----------+-------------------------------------------
     0 | D:1      | grimtooth the Formicid Venom Mage began the quest for the
                  | Orb.
     0 | D:1      | Reached XP level 1. HP: 13/13 MP: 3/3
   220 | D:1      | Reached XP level 2. HP: 19/19 MP: 0/5
   628 | D:1      | Reached XP level 3. HP: 21/24 MP: 1/6
   669 | D:1      | Reached skill level 5 in Poison Magic
  1294 | D:2      | Reached XP level 4. HP: 30/30 MP: 5/7
  2147 | D:3      | Reached skill level 6 in Poison Magic
  2279 | D:3      | Found a transporter.
  2405 | D:3      | Reached XP level 5. HP: 35/35 MP: 3/8
  2815 | D:3      | Found an ancient bone altar of Kikubaaqudgha.
  2831 | D:3      | Noticed Menkaure
  2833 | D:3      | Found a basalt altar of Yredelemnul.
  2856 | D:3      | Found a transporter.
  2891 | D:3      | Noticed Sigmund
  3512 | D:4      | Reached skill level 7 in Poison Magic
  3551 | D:4      | Found a white marble altar of Elyvilon.
  3592 | D:4      | Reached XP level 6. HP: 32/41 MP: 4/9
  3707 | D:4      | Found a hide-covered altar of Uskayaw.
  3746 | D:4      | Found Buratt's Armour Boutique.
  3817 | D:4      | Found a shimmering blue altar of Sif Muna.
  3956 | D:4      | Noticed an orc warrior
  4003 | D:4      | Reached skill level 5 in Stealth
  4258 | D:4      | Killed an orc warrior
  4259 | D:4      | Reached skill level 8 in Poison Magic
  4418 | D:4      | Reached XP level 7. HP: 46/46 MP: 5/10
  5098 | D:3      | You fall into a shaft and drop 3 floors!
  5098 | D:6      | Noticed Edmund
  5098 | D:6      | Noticed Grinder
  5099 | D:6      | - boy was that not helpful
  5134 | D:6      | You fall into a shaft and drop 2 floors!
  5469 | D:8      | Learned a level 4 spell: Olgreb's Toxic Radiance
  5473 | D:8      | Learned a level 3 spell: Mephitic Cloud
  5726 | D:8      | Reached skill level 9 in Poison Magic
  5873 | D:8      | Slain by an orc warrior

Illustrated notes

......5.+ #
.......###
####...........
.....#.......#.
..l............
...............
........5......
.......@.......
#..............
#.##..........#
##........##
...@.....#
....8......#
.g..........#
......<......#


Turn 5099 on D:6: - boy was that not helpful

Levels and vault maps discovered:
D:1:      minmay_arrival_four_houses, layout_basic, amcnicky_mini_pool_small,
          nrook_loot_triangle, skrybe_limestone_x
D:2:      layout_basic
D:3:      layout_loops_ring, gammafunk_temple_of_torment, solitary_fountain,
          minmay_ruptured, uniq_sigmund
D:4:      minmay_general_purpose_star, layout_loops_corners,
          kennysheep_orc_sif_temple, nicolae_elyvilon_peaceful_grove,
          lemuel_doored_altar, serial_shops, nicolae_shop_crystal
D:6:      layout_rooms, mainiacjoe_overflow_surrounded_room,
          nzn_hepliaklqana_mist_gate, temple_doors_e, serial_shops, shop_statue,
          minmay_a_box_with_orc_wizards_in_it, uniq_edmund, uniq_grinder
D:8:      layout_cave_pods, kennysheep_mini, due_lair_maze_entry_diamond,
          minmay_gold_behind_fungi, due_unseen_surprise, uniq_grum

Skill      XL: |  1  2  3  4  5  6  7 |
---------------+----------------------+-----
Stealth        | 3 4 5 6 |  6.0
Poison Magic   | 5 6 7 8 9 |  9.0
Dodging        | |  1.7
Spellcasting   | |  2.1
Transmutations | |  1.1

Action                   |  1- 3 |  4- 6 |  7- 9 || total
-------------------------+-------+-------+-------++-------
Melee: Unarmed           |     1 |     1 |       ||     2
       Dagger            |       |     9 |    20 ||    29
       Mace              |       |       |     9 ||     9
Throw: Stone             |     1 |    11 |     5 ||    17
       Dart              |       |    15 |     3 ||    18
       Throwing net      |       |       |     1 ||     1
 Cast: Sting             |    54 |   129 |    53 ||   236
       Mephitic Cloud    |       |       |     1 ||     1
 Abil: Dig               |       |       |     8 ||     8
       Shaft Self        |       |       |     2 ||     2
  Use: Scroll            |       |       |     5 ||     5
       Potion            |       |       |     3 ||     3
Armor: Robe              |     8 |     7 |    21 ||    36
Dodge: Dodged            |    10 |    32 |    35 ||    77
